 Dungeon Crawl Stone Soup version 0.30-a0-728-gc68057be0a (webtiles) character file.

Game seed: 317395224861742841

134 zinnoa the Cudgeller (level 4, -1/58 (60) HPs)
             Began as an Armataur Berserker on Jan 30, 2023.
             Was a Believer of Trog.
             Killed from afar by an orc wizard (12 damage)
             ... with a puff of flame
             ... on level 4 of the Dungeon.
             The game lasted 00:05:32 (2215 turns).

zinnoa the Cudgeller (Armataur Berserker)           Turns: 2215, Time: 00:05:33

HP:   -1/58 (60)    AC: 12    Str: 25    XL:     4   Next: 95%
MP:   4/4           EV:  5    Int:  7    God:    Trog [**....]
Gold: 110           SH:  0    Dex:  9    Spells: 3/3 levels left

rFire   . . .      SeeInvis .    a - +0 mace
rCold   . . .      Faith    .    (no shield)
rNeg    + . .      Spirit   .    x - +0 plate armour
rPois   .          Reflect  .    v - +0 helmet
rElec   .          Harm     .    (no cloak)
rCorr   .          Roll     +    l - +1 pair of gloves
Will    .....                    (no barding) Stlth
                                 (no amulet)
HPRegen 0.29/turn                e - ring of positive energy
MPRegen 0.09/turn                (no ring)

@: confused, brilliant, berserking, lightly drained, very quick
A: large, rugged brown scales 3, deformed body, armoured tail, roll, long
tongue, awkward tongue
a: Renounce Religion, Berserk, Trog's Hand


You were on level 4 of the Dungeon.
You worshipped Trog.
Trog was pleased with you.
You visited 1 branch of the dungeon, and saw 4 of its levels.

You collected 110 gold pieces.

Inventory:

Hand Weapons
 a - a +0 mace (weapon)
 f - a +0 flail
Armour
 b - a +0 animal skin
 c - a +0 leather armour
 l - a +1 pair of gloves (worn)
 v - a +0 helmet (worn)
 w - a +0 scale mail
 x - a +0 plate armour (worn)
Jewellery
 e - a ring of positive energy (left hand)
Scrolls
 d - 5 scrolls of identify {unknown}
 i - a scroll of brand weapon {unknown}
 j - 2 scrolls of acquirement {unknown}
 m - a scroll of vulnerability {unknown}
 o - a scroll of butterflies {unknown}
 q - a scroll of amnesia {unknown}
 y - a scroll of enchant weapon {unknown}
Potions
 k - a potion of invisibility {unknown}
 n - a potion of haste {unknown}
 p - a potion of might {unknown}
 r - a potion of curing {unknown}
 s - a potion of flight {unknown}
 t - a potion of degeneration {unknown}
 u - a potion of mutation {unknown}


   Skills:
 + Level 3.3 Fighting
 + Level 3.8 Maces & Flails
 * Level 3.6 Armour
 * Level 2.0 Dodging
 + Level 0.1 Stealth


You had 3 spell levels left.
You didn't know any spells.
Your spell library was empty.

Dungeon Overview and Level Annotations

Branches:
Dungeon (4/15)
 Temple: D:4-7

Altars:


Innate Abilities, Weirdness & Mutations

You are completely covered in rugged brown scales. (AC +3, +7% HP)
Armour fits poorly on your strangely shaped body.
You have a long armoured tail.
You roll when moving toward enemies. (Rampage)
Your long tongue fully drains potion bottles. (2x potion effects)
Your tongue gives you trouble enunciating. (1.5x scroll delay)


Message History

A puff of flame appears from out of thin air!
The puff of flame hits you!
* * * LOW HITPOINT WARNING * * *
You bump into the rock wall.
The goblin hits you but does no damage. Something hits you but does no damage.
You bump into the rock wall.
The goblin hits you but does no damage.
You hear some strange, mumbled words.
You are more confused.
The goblin hits you but does no damage.
You slurp down every last drop of the bubbling purple potion!
It was a potion of brilliance.
You feel clever all of a sudden.
The goblin hits you but does no damage. x2
Something hits you but does no damage.
You slurp down every last drop of the puce potion!
It was a potion of berserk rage.
A red film seems to cover your vision as you go berserk!
You feel yourself moving faster!
You feel mighty! The goblin hits you but does no damage.
Something hits you but does no damage. The goblin hits you but does no damage.
No previous command to re-do.
No previous command to re-do.
No previous command to re-do.
No previous command to re-do.
You are too berserk!
You bump into the rock wall.
You feel a strong urge to attack something.
You miss the goblin.
Your tail-slap misses the goblin.
The goblin completely misses you. The goblin hits you but does no damage.
Something hits you but does no damage.
The endoplasm jiggles.
You miss something.
The goblin hits you but does no damage. x2
Something hits you.
* * * LOW HITPOINT WARNING * * *
You bump into the rock wall.
The goblin hits you but does no damage. The goblin completely misses you.
You hear some strange, mumbled words.
A puff of flame appears from out of thin air!
The puff of flame hits you!
You die...

...#.. ...... .
#.... ..#.... ###
.......##.##
.?.....#@..#
.....#){gg.######
......).n.....#.##
#...##...#....#..#
##. #...##......#
....##....#.##
#!..>......#####
#..........#...#
................#


You could see a necrophage and 2 goblins.

Vanquished Creatures
  A necrophage (D:4)
  2 adders (D:3)
  5 orcs
  8 ball pythons
  5 bats
  3 endoplasms
  A giant cockroach (D:2)
  3 goblins
  7 hobgoblins
  3 kobolds
  2 quokkas
  3 frilled lizards
  8 rats
51 creatures vanquished.

Notes
Turn   | Place    | Note
-------+----------+-------------------------------------------
     0 | D:1      | zinnoa the Armataur Berserker began the quest for the Orb.
     0 | D:1      | Reached XP level 1. HP: 19/19 MP: 1/1
   136 | D:1      | Reached XP level 2. HP: 17/26 MP: 2/2
  1214 | D:2      | Reached ** piety under Trog
  1307 | D:2      | Reached XP level 3. HP: 32/33 MP: 3/3
  1828 | D:3      | Found a faded altar of an unknown god.
  2087 | D:4      | Noticed a necrophage
  2097 | D:4      | Killed a necrophage
  2098 | D:4      | Reached XP level 4. HP: 28/40 MP: 4/4
  2192 | D:4      | Noticed a necrophage
  2215 | D:4      | Killed from afar by an orc wizard

Illustrated notes

Levels and vault maps discovered:
D:1:      heliophobic_arrival_dark_side_of_the_moon, layout_basic
D:2:      layout_basic
D:3:      layout_rooms, shapermc_ecumenical_altar_notcrosses
D:4:      layout_cave_pools, mainiacjoe_overflow_alcove_1,
          hangedman_feature_mirror, sigmund_edmund_badplayer

Skill      XL: |  1  2  3 |
---------------+----------+-----
Maces & Flails | 3 |  3.8
Fighting       | 3 |  3.3
Armour         | 3 |  3.6
Dodging        | 2 |  2.0
Stealth        | |  0.1

Action                     |  1- 3 |  4- 6 || total
---------------------------+-------+-------++-------
  Melee: Flail             |    96 |       ||    96
         Mace              |    25 |    29 ||    54
         Tailslap          |     6 |       ||     6
    Use: Potion            |       |     2 ||     2
 Armour: Leather armour    |    42 |       ||    42
         Scale mail        |    28 |       ||    28
         Plate armour      |    21 |    71 ||    92
  Dodge: Dodged            |    54 |    24 ||    78

Table legend: (Time is in decaauts)
 A = Elapsed time spent in this place.
 B = Non-inter-level travel time spent in this place.
 C = Inter-level travel time spent in this place.
 D = Time resting spent in this place.
 E = Time spent auto-exploring this place.
 F = Levels seen in this place.
 G = Mean time per level.
                   A        B        C        D        E       F      G
               +--------+--------+--------+--------+--------+-----+--------+
         Total |   2247 |   2117 |    130 |    241 |   1449 |   4 |  561.8 |
       Dungeon |   2247 |   2117 |    130 |    241 |   1449 |   4 |  561.8 |
               +--------+--------+--------+--------+--------+-----+--------+

Top non-repeatable levels by time:
     D:1: 805 daAuts
     D:2: 761 daAuts
     D:3: 544 daAuts
     D:4: 135 daAuts
